 Dungeon Crawl Stone Soup version 0.24.0-2-g5b39cebb1c (webtiles) character file.

Game seed: 6201831656553979443, levelgen mode: deterministic

3 Jehan the Stinger (level 1, -3/13 HPs)
             Began as a Formicid Venom Mage on Oct 31, 2019.
             Slain by a hobgoblin (4 damage)
             ... on level 1 of the Dungeon.
             The game lasted 00:03:07 (313 turns).

Jehan the Stinger (Formicid Venom Mage)              Turns: 313, Time: 00:03:07

Health: -3/13      AC:  3    Str: 12    XL:     1   Next: 55%
Magic:  3/3        EV: 11    Int: 14    God:
Gold:   40         SH:  0    Dex: 11    Spells: 3/4 levels left

rFire    . . .     SeeInvis +   (no weapon)
rCold    . . .     Gourm    .   (no shield)
rNeg     . . .     Faith    .   b - +0 leather armour
rPois    .         Spirit   .   (helmet unavailable)
rElec    .         Reflect  .   (no cloak)
rCorr    .         Harm     .   (no gloves)
MR       .....                  (no boots)
Stlth    ++........             (no amulet)
HPRegen  0.04/turn              (no ring)
MPRegen  0.08/turn              (no ring)

@: no status effects
A: permanent stasis, dig shafts and tunnels, four strong arms, antennae 3
a: Dig, Shaft Self


You were on level 1 of the Dungeon.
You were not hungry.

You visited 1 branch of the dungeon, and saw 1 of its levels.

You collected 40 gold pieces.

Inventory:

Missiles
 d - 31 stones (quivered)
Armour
 a - a +0 robe
 b - a +0 leather armour (worn)
Potions
 e - a potion of ambrosia {unknown}
 f - a potion of magic {unknown}
Comestibles
 c - 2 rations


   Skills:
 + Level 1.7 Dodging
 + Level 2.5 Stealth
 + Level 2.1 Spellcasting
 + Level 0.8 Conjurations
 + Level 4.2 Poison Magic


You had 3 spell levels left.
You knew the following spells:

 Your Spells              Type           Power        Failure   Level  Hunger
a - Sting                 Conj/Pois      #...         11%         1    #......

Your spell library contained the following spells:

 Spells                   Type           Power        Failure   Level  Hunger
 Poisonous Vapours        Pois/Air       #.....       19%         2    ###....
 Mephitic Cloud           Conj/Pois/Air  #.......     41%         3    ###....
 Olgreb's Toxic Radiance  Pois           ##......     45%         4    #####..
 Venom Bolt               Conj/Pois      #.........   96%         5    ######.


Dungeon Overview and Level Annotations

Branches:
Dungeon (1/15)

Altars:


Innate Abilities, Weirdness & Mutations

You cannot be hasted, slowed, berserked, paralysed or teleported.
You can dig through walls and to a lower floor.
Your four strong arms can wield two-handed weapons with a shield.
You have a pair of large antennae on your head. (SInv)


Message History

Throwing (i - inventory)
d - 34 stones (quivered)
Press: ? - help, Shift-Dir - straight line, f/p - hobgoblin
Aim: a hobgoblin You throw a stone.
The stone hits the hobgoblin but does no damage.
The hobgoblin hits you but does no damage.
The hobgoblin hits you.
* * * LOW HITPOINT WARNING * * *
Throwing (i - inventory)
d - 33 stones (quivered)
Press: ? - help, Shift-Dir - straight line, f/p - hobgoblin
Aim: a hobgoblin You throw a stone.
The stone barely misses the hobgoblin.
The hobgoblin closely misses you.
The hobgoblin hits you but does no damage.
Throwing (i - inventory)
d - 32 stones (quivered)
Press: ? - help, Shift-Dir - straight line, f/p - hobgoblin
Aim: a hobgoblin You throw a stone.
The stone closely misses the hobgoblin.
The hobgoblin hits you.
You die...

****,*,,,*,,*,* *****,,,,,,,,,,,,
,,,,,,.#*#..#.# *,,,,,,***,******
**,,,,...#..#.# **,#*,,* *,*
*,*,,...#..#.# *.##,,* *,*
**,***,.....#.####..*,,***,******
,,,,..,,,.....>....,,,,,,,,,,,,,,
,,,,..#####.#.##.#*,*,,***,*,****
,,,,..........#gg##,*,,,,,,*,,,,,
,,,,............@.#,*,******,****
,,,,,.........#.###,*,,,,,,,,,,,,
,,*,,......#..#...*,********,,,,,
,,*..#####.#..#.#.#,*,,,,,,*,,,,,
**#..#####........#,*,****,*,,,,,
#.>.........#####,,,,,,,,*,,,,,
#.#######........,,,*,,,,*,,,,,
*.# #..######**,*,**,*,,,,, #.#
##.# ***,**,*,*,**


You could see 2 hobgoblins.

Vanquished Creatures
  2 goblins (D:1)
  A rat (D:1)
3 creatures vanquished.

Notes
Turn   | Place    | Note
-------+----------+-------------------------------------------
     0 | D:1      | Jehan the Formicid Venom Mage began the quest for the Orb.
     0 | D:1      | Reached XP level 1. HP: 13/13 MP: 3/3
   313 | D:1      | Slain by a hobgoblin

Levels and vault maps discovered:
D:1:      dpeg_arrival_rooms_b, layout_basic, nrook_campfire,
          serial_bayou_pond_a, minmay_misc_feat_cross

Action                   || total
-------------------------++-------
Melee: Unarmed           ||    19
Throw: Stone             ||     4
  Use: Scroll            ||     1
 Stab: Sleeping          ||     1
Armor: Leather armour    ||     6
Dodge: Dodged            ||    11
